 Dungeon Crawl Stone Soup version bcrawl-1.13.5 (webtiles) character file.

Game seed: 10798429321489311092

81 Chiseanne the Ducker (level 4, -2/33 HPs)
             Began as a Mummy Archaeologist on Aug 23, 2019.
             Shot with an arrow by a centaur (6 damage)
             ... on level 3 of the Dungeon.
             The game lasted 00:04:27 (2266 turns).

Chiseanne the Ducker (Mummy Archaeologist)          Turns: 2266, Time: 00:04:28

Health: -2/33      AC:  9    Str: 14    XL:     4   Next: 19%
Magic:  6/8        EV: 12    Int: 13    God:
Gold:   283        SH:  3    Dex: 11    Spells: 8/8 levels left

rFire    x . .     SeeInvis .   g - +0 hand axe
rCold    + . .     Gourm    .   a - +0 buckler
rNeg     + + +     Faith    .   b - +1 robe
rPois    ∞         Spirit   .   c - +1 hat
rElec    .         Reflect  .   l - +1 cloak
rCorr    .         Harm     .   j - +0 pair of gloves
MR       .....     Clarity  +   d - +1 pair of boots
Stlth    ++........             (no amulet)
HPRegen  0.11/turn              (no ring)
MPRegen  0.11/turn              (no ring)

@: studying Crossbows
A: no food or potions, fire vulnerability, clarity, cold resistance 1, negative
energy resistance 3, torment resistance, unbreathing
a: no special abilities


You were on level 3 of the Dungeon.
You were not hungry.

You visited 1 branch of the dungeon, and saw 3 of its levels.

You collected 283 gold pieces.

Inventory:

Hand Weapons
 g - a +0 hand axe (weapon)
Missiles
 k - 64 bolts
Armour
 a - a +0 buckler (worn)
 b - a +1 robe (worn)
 c - a +1 hat (worn)
 d - a +1 pair of boots (worn)
 j - a +0 pair of gloves (worn)
 l - a +1 cloak (worn)
Scrolls
 h - 2 scrolls of identify
 i - a scroll of teleportation
Books
 e - a manual of Crossbows
Miscellaneous
 f - an ancient crate


   Skills:
 - Level 2.0 Fighting
   Level 0.7 Maces & Flails
 - Level 2.8 Dodging
 - Level 2.6 Stealth
 - Level 1.2 Shields
 + Level 2.7 Spellcasting


You had 8 spell levels left.
You didn't know any spells.
Your spell library was empty.

Dungeon Overview and Level Annotations

Branches:
Dungeon (3/12)

Altars:
Ashenzari
Fedhas
Hepliaklqana
Kikubaaqudgha
Nemelex Xobeh
Trog
Uskayaw
Vehumet
Yredelemnul


Innate Abilities, Weirdness & Mutations

You do not eat or drink.
Your flesh is vulnerable to fire.
You are immune to poison.
You possess an exceptional clarity of mind.
Your flesh is cold resistant. (rC+)
You are immune to negative energy. (rN+++)
You are immune to unholy pain and torment.
You can survive without breathing.


Message History

The centaur is moderately wounded.
You hit the worker ant but do no damage.
The centaur hits you.
The worker ant bites you but does no damage.
The centaur hits you but does no damage.
You barely miss the centaur.
The centaur is moderately wounded.
You hit the worker ant.
The worker ant bites you but does no damage.
The centaur hits you. The worker ant misses you.
You hit the centaur but do no damage.
The centaur is moderately wounded.
You hit the worker ant. The centaur closely misses you.
The worker ant bites you.
* * * LOW HITPOINT WARNING * * *
The centaur closely misses you. The worker ant bites you.
* * * LOW HITPOINT WARNING * * *
The centaur wields a +0 shortbow.
The centaur shoots an arrow.
The arrow hits you.
You die...

#.#.....# .##.#.....
......... ...#
#...... ...# ......
...# # #..K# #..#
#.#.ca# #..# #.....#
#..### #
###..@####....#.#
#.............##.
.$....#####%........
#####. #.##.###.. #.
#.##.# #. #.##.# #.
#.##.# # #. #.##.##
.# .#####.#...##..#


You could see a centaur, a worker ant and a kobold.

Vanquished Creatures
  A bullfrog skeleton (D:3)
  2 gnolls
  4 dart slugs (D:1)
  A leopard gecko (D:1)
  An orc (D:3)
  2 giant cockroaches (D:1)
  A hobgoblin (D:2)
  3 bats (D:1)
  4 frilled lizards (D:1)
  4 goblins
  3 kobolds (D:1)
  A rat (D:1)
27 creatures vanquished.

Vanquished Creatures (others)
  A gnoll (D:1)
1 creature vanquished.

Grand Total: 28 creatures vanquished

Notes
Turn   | Place    | Note
-------+----------+-------------------------------------------
     0 | D:1      | Chiseanne the Mummy Archaeologist began the quest for the
                  | Orb.
     0 | D:1      | Reached XP level 1. HP: 15/15 MP: 1/1
   160 | D:1      | Reached XP level 2. HP: 7/21 MP: 2/2
   844 | D:1      | Reached skill level 1 in Shields
  1089 | D:2      | Found a shattered altar of Ashenzari.
  1140 | D:2      | Reached XP level 3. HP: 26/27 MP: 3/3
  1259 | D:1      | Reached skill level 1 in Spellcasting
  1687 | D:2      | Found a hide-covered altar of Uskayaw.
  1702 | D:2      | Found a radiant altar of Vehumet.
  1743 | D:2      | Found a bloodstained altar of Trog.
  1743 | D:2      | Found a basalt altar of Yredelemnul.
  1744 | D:2      | Found an ancient bone altar of Kikubaaqudgha.
  1745 | D:2      | Found a blossoming altar of Fedhas.
  1763 | D:2      | Found a hazy altar of Hepliaklqana.
  2122 | D:2      | Found a sparkling altar of Nemelex Xobeh.
  2255 | D:3      | Noticed a centaur
  2257 | D:3      | Reached XP level 4. HP: 19/33 MP: 5/7
  2266 | D:3      | Shot with an arrow by a centaur

Skill      XL: |  1  2  3 |
---------------+----------+-----
Shields        | 1 |  1.2
Fighting       | 2 |  2.0
Spellcasting   | 2 |  2.7
Maces & Flails | |  0.7
Dodging        | |  2.8
Stealth        | |  2.6

Action                   |  1- 3 |  4- 6 || total
-------------------------+-------+-------++-------
Melee: Hand axe          |   123 |     8 ||   131
  Use: Scroll            |     5 |       ||     5
 Stab: Sleeping          |     3 |       ||     3
Armor: Robe              |    60 |     6 ||    66
Dodge: Dodged            |    88 |    13 ||   101
Block: Buckler           |    19 |     2 ||    21
